 Dungeon Crawl Stone Soup version 0.26.0-10-g1f06aea511 (webtiles) character file.

Game seed: 11087003117516215081

128 Dracia the Ducker (level 4, -4/33 HPs)
             Began as a Demonspawn Gladiator on Jan 21, 2021.
             Slain by Sigmund
             ... wielding a +0 scythe
              (6 damage)
             ... on level 3 of the Dungeon.
             The game lasted 00:03:56 (2813 turns).

Dracia the Ducker (Demonspawn Gladiator)            Turns: 2813, Time: 00:03:57

Health: -4/33      AC:  4    Str: 12 (15) XL:     4   Next: 86%
Magic:  4/4        EV: 14    Int:  8 (10) God:
Gold:   123        SH:  0    Dex: 18 (20) Spells: 3/3 levels left

rFire    . . .     SeeInvis .   a - +0 quarterstaff
rCold    . . .     Faith    .   (shield currently unavailable)
rNeg     . . .     Spirit   .   b - +0 leather armour
rPois    +         Reflect  .   (helmet restricted)
rElec    .         Harm     .   g - +0 cloak
rCorr    .         Rampage  .   (no gloves)
Will     .....                  (no boots)
Stlth    +.........             A - amulet of the acrobat
HPRegen  0.11/turn              P - ring of poison resistance
MPRegen  0.09/turn              D - +6 ring of dexterity

@: no status effects
A: beak, talons 1, powered by pain 1
a: no special abilities


You were on level 3 of the Dungeon.
You visited 1 branch of the dungeon, and saw 3 of its levels.

You collected 123 gold pieces.


Innate Abilities, Weirdness & Mutations

You sometimes gain a little power by taking damage.
You have a beak for a mouth.
You have sharp toenails.


   Skills:
 - Level 2.0 Fighting
 - Level 2.6 Staves
 - Level 1.7 Throwing
 + Level 2.8 Armour
 + Level 4.1 Dodging


You had 3 spell levels left.
You didn't know any spells.
Your spell library was empty.

Inventory:

Hand Weapons
 a - a +0 quarterstaff (weapon)
Missiles
 d - 3 throwing nets (quivered) {=f=f}
 e - 2 boomerangs
 q - 20 poisoned darts
Armour
 b - a +0 leather armour (worn)
 c - a +0 helmet
 g - a +0 cloak (worn)
Jewellery
 h - an uncursed ring of willpower
 A - an amulet of the acrobat (around neck)
 D - a +6 ring of dexterity (right hand)
 P - a ring of poison resistance (left hand)
Scrolls
 p - a scroll of remove curse {@r2@r2}
Potions
 f - a potion of mutation
 i - a potion of haste {unknown}
 j - a potion of degeneration
 k - a potion of ambrosia {unknown}
 l - a potion of heal wounds {unknown}
 m - a potion of cancellation
 n - 2 potions of curing {@q1@q1}
 o - a potion of might {unknown}

Dungeon Overview and Level Annotations

Branches:
Dungeon (3/15)

Altars:
Dithmenos

Annotations:
D:3 Sigmund

###.# #..##<#.# .##.#
#..##.#.# .##.####
#..##(#.# .##....#
#..##(#.# ### .##....#
#..##.#.#...# .##....#
..##.#.#.#.# .##....#
#........# .......#
#..#.(..#.#####
................@{......
####...##........#.#####
#...##.....#.##.#
###.##........ #
######..#.....#.#
........#.....#.#
........#.... #.#
........ ... #. .......#


There were no monsters in sight!


Message History

You hit something. Something hits you.
You barely miss something. Something hits you.
You closely miss something. Something hits you!
Unknown command.
You miss something. You completely miss something. Something hits you.
You miss something. Something barely misses you.
You hit something. Something hits you.
* * * LOW HITPOINT WARNING * * *
You barely miss something.
You hear some strange, mumbled words.
A puff of flame appears from out of thin air!
The puff of flame misses you.
You barely miss something. Something hits you.
* * * LOW HITPOINT WARNING * * *
You miss something.
It was a potion of cancellation.
You feel magically purged. Something hits you.
* * * LOW HITPOINT WARNING * * *
It was a potion of degeneration.
There was something very wrong with that liquid.
You feel weakened.
You feel dopey.
You feel clumsy. Something hits you.
* * * LOW HITPOINT WARNING * * *
It was a potion of mutation.
You feel extremely strange.
Your toenails lengthen and sharpen.
Your mouth lengthens and hardens into a beak!
Your +0 helmet falls away!
You hit something. You peck something. Something hits you but does no damage.
You miss something. You claw something. Something hits you.
You die...

Skill      XL: |  1  2  3  4 |
---------------+-------------+-----
Armour         | 1 2 |  2.8
Dodging        | 3 4 |  4.1
Fighting       | |  2.0
Staves         | |  2.6
Throwing       | |  1.7

Action                   |  1- 3 |  4- 6 || total
-------------------------+-------+-------++-------
Melee: Quarterstaff      |   108 |    50 ||   158
       Kick              |       |     1 ||     1
       Peck              |       |     1 ||     1
  Use: Scroll            |     4 |       ||     4
       Potion            |       |     3 ||     3
 Stab: Sleeping          |     1 |       ||     1
Armor: Leather armour    |    40 |    10 ||    50
Dodge: Dodged            |    71 |    34 ||   105

Levels and vault maps discovered:
D:1:      saegor_arrival_simple_a, layout_loops_corners, corexii_hall_statues_x
D:2:      layout_loops_corners, nicolae_overflow_crystal_walls,
          chequers_ecumenical_altar_simple
D:3:      layout_basic, nzn_wu_jian_contemplation, kennysheep_generic_room_11,
          uniq_grinder, uniq_sigmund

Notes
Turn   | Place    | Note
-------+----------+-------------------------------------------
     0 | D:1      | Dracia the Demonspawn Gladiator began the quest for the
                  | Orb.
     0 | D:1      | Reached XP level 1. HP: 16/16 MP: 1/1
   235 | D:1      | Reached skill level 1 in Armour
   235 | D:1      | Reached skill level 3 in Dodging
   235 | D:1      | Gained mutation: You sometimes gain a little power by
                  | taking damage. [demonic ancestry]
   235 | D:1      | Reached XP level 2. HP: 22/22 MP: 2/2
   499 | D:1      | You fall into a shaft and drop 1 floor!
   676 | D:2      | Found a shadowy altar of Dithmenos.
   739 | D:2      | Found a faded altar of an unknown god.
   803 | D:2      | Reached XP level 3. HP: 25/27 MP: 3/3
  1355 | D:2      | Reached skill level 2 in Armour
  2115 | D:3      | Reached XP level 4. HP: 33/33 MP: 4/4
  2607 | D:3      | Reached skill level 4 in Dodging
  2793 | D:3      | Identified a +2 robe of the Archmagi
  2793 | D:3      | Noticed Sigmund
  2809 | D:3      | HP: 3/33 [something (6)]
  2811 | D:3      | Gained mutation: You have sharp toenails. [potion of
                  | mutation]
  2811 | D:3      | Gained mutation: You have a beak for a mouth. [potion of
                  | mutation]
  2813 | D:3      | Slain by Sigmund

Vanquished Creatures
  An orc wizard (D:2)
  3 adders
  An ooze (D:2)
  A worm (D:2)
  8 orcs
  5 bats
  5 giant cockroaches
  9 goblins
  2 hobgoblins
  3 jackals (D:2)
  2 frilled lizards (D:1)
  9 kobolds
  4 rats
53 creatures vanquished.

Table legend: (Time is in decaauts)
 A = Elapsed time spent in this place.
 B = Non-inter-level travel time spent in this place.
 C = Inter-level travel time spent in this place.
 D = Time resting spent in this place.
 E = Time spent auto-exploring this place.
 F = Levels seen in this place.
 G = Mean time per level.
                   A        B        C        D        E       F      G
               +--------+--------+--------+--------+--------+-----+--------+
         Total |   2842 |   2770 |     72 |    342 |   2021 |   3 |  947.3 |
       Dungeon |   2842 |   2770 |     72 |    342 |   2021 |   3 |  947.3 |
               +--------+--------+--------+--------+--------+-----+--------+

Top non-repeatable levels by time:
     D:2: 1381 daAuts
     D:1: 1106 daAuts
     D:3: 355 daAuts

Table legend:
 A = Non-vault XP
 B = Vault XP
 C = Vault XP percentage of total XP
 D = Non-vault monster count
 E = Vault monster count
 F = Vault count percentage of total count
                 A         B        C        D         E       F
            +---------+---------+-------+---------+---------+-------
      Total |     183 |       0 |   0.0 |      53 |       0 |   0.0
            +---------+---------+-------+---------+---------+-------
        D:1 |      35 |       0 |   0.0 |      21 |       0 |   0.0
        D:2 |      99 |       0 |   0.0 |      22 |       0 |   0.0
        D:3 |      49 |       0 |   0.0 |      10 |       0 |   0.0
            +---------+---------+-------+---------+---------+-------
